AoeStats
← alexandrovb27

Nomad

508490856Analyzed
3v3 RM · 11d ago on Sep 22, 2026· 69m 44s· 6 players
Game mode
Random Map
Map size
210×210
Population
200
Speed
Normal
Resources
Standard
Victory
Conquest
Starting age
Dark Age
Ending age
Imperial Age
RankedLock teamsTeams togetherTeam positionsShared explorationLock speedFull tech treeHidden civsTurbo modeCheats
Victory
Defeat
🇪🇸 Teutons · Spain
678
+14
🇷🇸 Byzantines · Serbia
611
+16
🇵🇪 Khmer · Peru
582
+19
🇫🇷 Bulgarians · France
637
-20
🇫🇷 Byzantines · France
617
-18
🇫🇷 Hindustanis · France
615
-27
Floyd
13:32 Loom
16:44 Feudal Age
18:04 Wheelbarrow
17:17 Double-Bit Axe
24:33 Gold Mining
24:53 Scale Mail Armor
26:48 Fletching
29:15 Castle Age
29:45 Pikeman
30:58 Forging
30:45 Bodkin Arrow
32:24 Hand Cart
33:51 Squires
34:34 Bow Saw
37:14 Thumb Ring
37:51 Iron Casting
37:33 Chain Mail Armor
39:18 Arson
52:46 Imperial Age
52:18 Gold Shaft Mining
51:34 Stone Mining
ronniemaiden
4:14 Loom
5:24 Loom
15:06 Feudal Age
16:45 Double-Bit Axe
16:50 Horse Collar
19:01 Wheelbarrow
19:12 Gold Mining
19:42 Man-at-Arms
21:02 Fishing Lines
23:28 Scale Mail Armor
23:39 Forging
28:51 Castle Age
28:22 Scale Barding Armor
28:56 Arson
31:15 Gambesons
31:31 Squires
30:52 Long Swordsman
31:23 Pikeman
32:47 Gold Shaft Mining
32:04 Stone Mining
32:27 Bow Saw
32:23 Heavy Plow
35:23 Chain Mail Armor
36:10 Hand Cart
36:40 Stone Shaft Mining
38:58 Iron Casting
43:44 Imperial Age
42:00 Chain Barding Armor
41:52 Husbandry
45:57 Two-Handed Swordsman
48:22 Hoardings
48:37 Champion
PoulpyGamer
6:35 Loom
17:30 Feudal Age
19:29 Wheelbarrow
19:06 Double-Bit Axe
19:07 Horse Collar
19:21 Gold Mining
19:22 Stone Mining
19:46 Man-at-Arms
20:12 Arson
20:18 Town Watch
23:06 Town Watch
23:44 Bloodlines
27:23 Castle Age
27:31 Forging
27:27 Scale Barding Armor
29:45 Husbandry
29:51 Squires
29:13 Long Swordsman
31:22 Bow Saw
31:18 Heavy Plow
31:36 Hand Cart
31:22 Town Patrol
35:07 Caravan
35:51 Gold Shaft Mining
35:51 Stone Shaft Mining
36:24 Grand Trunk Road
42:31 Imperial Age
43:38 Conscription
44:46 Conscription
43:48 Elite Ghulam
44:47 Heavy Camel Rider
47:48 Chemistry
47:09 Ballistics
46:46 Murder Holes
46:57 Siege Engineers
46:44 Guard Tower
47:07 Masonry
50:14 Two-Handed Swordsman
51:36 Chain Barding Armor
51:52 Iron Casting
51:30 Thumb Ring
52:42 Plate Barding Armor
54:01 Imperial Camel Rider
55:46 Blast Furnace
55:50 Fortified Wall
56:18 Conscription
59:35 Elite Ghulam
63:44 Shatagni
64:34 Siege Elephant
Seeker
14:41 Feudal Age
15:59 Wheelbarrow
15:15 Double-Bit Axe
19:18 Horse Collar
24:16 Fletching
27:39 Castle Age
25:59 Stone Mining
26:01 Gold Mining
27:09 Forging
28:25 Squires
30:58 Hand Cart
30:58 Bow Saw
31:17 Arson
33:53 Iron Casting
36:07 Gold Shaft Mining
36:10 Scale Mail Armor
41:05 Imperial Age
40:39 Chain Mail Armor
42:03 Pikeman
47:31 Stone Shaft Mining
50:15 Halberdier
51:54 Plate Mail Armor
51:30 Scale Barding Armor
53:42 Elite Cataphract
55:59 Logistica
57:19 Two-Man Saw
56:22 Elite Skirmisher
57:27 Chain Barding Armor
63:30 Plate Barding Armor
62:51 Bodkin Arrow
62:56 Padded Archer Armor
63:09 Heavy Plow
64:36 Ballistics
65:17 Chemistry
64:10 Arrowslits
67:14 Thumb Ring
67:40 Conscription
68:51 Leather Archer Armor
68:36 Bracer
Vanillasainza
12:01 Loom
14:42 Feudal Age
15:31 Horse Collar
17:23 Double-Bit Axe
18:40 Horse Collar
23:16 Gold Mining
23:18 Stone Mining
27:31 Castle Age
26:31 Bloodlines
29:02 Wheelbarrow
28:33 Man-at-Arms
28:58 Pikeman
29:39 Squires
32:29 Hand Cart
32:18 Heavy Plow
42:16 Imperial Age
40:01 Bow Saw
43:14 Fletching
44:13 Bodkin Arrow
44:24 Scale Barding Armor
45:15 Capped Ram
46:27 Heavy Scorpion
54:11 Crop Rotation
55:21 Cavalier
56:45 Elite Teutonic Knight
62:19 Scale Mail Armor
62:30 Forging
alexandrovb27
3:38 Loom
14:55 Feudal Age
15:50 Town Watch
16:42 Wheelbarrow
17:45 Double-Bit Axe
17:27 Man-at-Arms
18:52 Horse Collar
26:49 Castle Age
25:19 Gold Mining
25:31 Stone Mining
26:57 Pikeman
28:46 Long Swordsman
29:06 Elite Skirmisher
40:30 Imperial Age
43:56 Light Cavalry
44:47 Bloodlines
44:38 Husbandry
44:03 Cavalier
48:47 Conscription
47:58 Sappers
47:55 Elite Ballista Elephant
51:09 Hoardings
50:36 Tusk Swords
51:35 Sappers
57:20 Two-Handed Swordsman
57:29 Halberdier
60:39 Hand Cart
60:24 Town Patrol
66:35 Double Crossbow
Connection lost

Rejoining the realm…

Still unreachable

The connection could not be restored.

Session expired

The server has moved on; the page needs a fresh start.